 Dungeon Crawl Stone Soup version 0.28.0-45-g0d030f2227 (webtiles) character file.

Game seed: 2756648181697701739

9 101zpm the Magician (level 2, -3/21 HPs)
             Began as a Djinni Ice Elementalist on Apr 17, 2022.
             Slain by a quokka (4 damage)
             ... on level 1 of the Dungeon.
             The game lasted 00:00:48 (448 turns).

101zpm the Magician (Djinni Ice Elementalist)        Turns: 448, Time: 00:00:50

Health: -3/21      AC:  2    Str:  7    XL:     2   Next: 20%
Gold:   9          EV: 12    Int: 16    God:
                   SH:  0    Dex: 13

rFire   + + +      SeeInvis .   b - staff of fire
rCold   x . .      Faith    .   (no shield)
rNeg    . . .      Spirit   .   a - +0 robe
rPois   ∞          Reflect  .   (no helmet)
rElec   .          Harm     .   (no cloak)
rCorr   .          Rampage  .   (no gloves)
Will    .....                   (boots unavailable)
Stlth   ++........              (no amulet)
HPRegen 0.07/turn               (no ring)
MPRegen 0.00/turn               (no ring)

@: flying
A: sickness immunity, fire resistance 2, cold vulnerability 1, float, innate
caster, HP casting, extra vitality 1
a: no special abilities


You were on level 1 of the Dungeon.
You visited 1 branch of the dungeon, and saw 1 of its levels.

You collected 9 gold pieces.

Inventory:

Armour
 a - a +0 robe (worn)
Magical Staves
 b - a staff of fire (weapon)
Scrolls
 c - a scroll of torment {unknown}


   Skills:
 + Level 2.2 Dodging
 + Level 1.5 Stealth
 + Level 3.6 Spellcasting


You couldn't memorise any spells.
You knew the following spells:

 Your Spells              Type           Power      Damage    Failure   Level
a - Freeze                Ice            56%        1d7       4%          1
b - Frozen Ramparts       Ice            28%        1d4       12%         3
c - Ozocubu's Armour      Ice            14%        N/A       12%         3
d - Hailstorm             Conj/Ice       14%        3d5       36%         4
Your spell library was empty.

Dungeon Overview and Level Annotations

Branches:
Dungeon (1/15)

Altars:


Innate Abilities, Weirdness & Mutations

You are immune to sickness and miasma.
You are immune to poison.
Your flesh is very heat resistant. (rF++)
You are vulnerable to cold. (rC-)
You float through the air rather than walking.
You learn spells naturally, not from books.
Your magical power is your life essence.
You have superior vitality. (+4 MHP)


Message History

The ball python closely misses you. The ball python barely misses you.
Aiming: Freeze (safe; 4% risk of failure)
Press: ? - help, Q - select action Shift-Dir - straight line, f/p - ball python
Aim: a ball python (moderately wounded)
You freeze the ball python.
The ball python is heavily wounded.
The ball python seems to slow down.
* * * LOW HITPOINT WARNING * * *
The ball python is no longer moving slowly.
The ball python bites you but does no damage.
The ball python closely misses you.
Aiming: Freeze (safe; 4% risk of failure)
Press: ? - help, Q - select action Shift-Dir - straight line, f/p - ball python
Aim: a ball python (heavily wounded)
You freeze the ball python.
You kill the ball python!
* * * LOW HITPOINT WARNING * * *
Your magical contamination has completely faded away.
Aiming: Freeze (safe; 4% risk of failure)
Press: ? - help, Q - select action Shift-Dir - straight line, f - quokka
Aim: a quokka You freeze the quokka.
The quokka is heavily wounded.
* * * LOW HITPOINT WARNING * * *
The quokka misses you. The quokka barely misses you.
Unknown command.
Unknown command.
Aiming: Freeze (safe; 4% risk of failure)
Press: ? - help, Q - select action Shift-Dir - straight line, f/p - quokka
Aim: a quokka (heavily wounded)
You freeze the quokka.
The quokka is severely wounded.
* * * LOW HITPOINT WARNING * * *
The quokka misses you.
You don't have enough health to cast this spell.
You don't have enough health to cast this spell.
You barely miss the quokka.
The quokka is severely wounded.
The quokka bites you.
You die...

#.... ###..# #.#.#
.... ###...###.####
####....†.......##
.J....†...#......###
###.#.##............
.
##.#.##......#####.
##r.###......... .
#@#####.....##.# #
#...........###.###
#.##.#####.###......
## .# #)###.###.# .#
#..##.##... .#
#..##.#.... .#
#.........# .#
##.##.#..##
#.##.#####


You could see a quokka.

Vanquished Creatures
  A ball python (D:1)
  A goblin (D:1)
  2 hobgoblins (D:1)
  A frilled lizard (D:1)
  2 kobolds (D:1)
  A rat (D:1)
8 creatures vanquished.

Notes
Turn   | Place    | Note
-------+----------+-------------------------------------------
     0 | D:1      | 101zpm the Djinni Ice Elementalist began the quest for the
                  | Orb.
     0 | D:1      | Reached XP level 1. HP: 15/15 MP: 0/0
   441 | D:1      | Reached XP level 2. HP: 8/21 MP: 0/0
   448 | D:1      | Slain by a quokka

Illustrated notes

Levels and vault maps discovered:
D:1:      psy_arrival_terrarium, layout_loops_ring,
          shapermc_ecumenical_altar_petra, minmay_misc_feat_ornament,
          minmay_pentomino_s4

Action                   || total
-------------------------++-------
Melee: Staff             ||    12
 Cast: Freeze            ||    13
 Stab: Sleeping          ||     1
Armor: Robe              ||     3
Dodge: Dodged            ||    12
